 Dungeon Crawl Stone Soup version 0.31-a0-889-g1a8549509d (webtiles) character file.

Game seed: 12917723475972997346

12422 lessens the Blocker (level 11, -16/89 HPs)
             Began as a Gnoll Fighter on Oct 16, 2023.
             Was an Elder of Trog.
             Demolished by a centaur warrior simulacrum (26 damage)
             ... on level 11 of the Dungeon.
             The game lasted 00:16:47 (13783 turns).

lessens the Blocker (Gnoll Fighter)                Turns: 13783, Time: 00:16:47

Health: -16/89     AC: 17    Str: 23    XL:     11   Next: 93%
Magic:  21/21      EV: 18    Int:  7    God:    Trog [****..]
Gold:   507        SH:  0    Dex: 12    Spells: 23/23 levels left

rFire   . . .        G - +7 halberd of the Thing {heavy, Will+ Str+3 SInv}
rCold   . . .        (shield currently unavailable)
rNeg    . . .        Z - +3 ring mail
rPois   +            n - +0 helmet
rElec   .            D - +2 cloak {rCorr}
rCorr   +            o - +0 pair of gloves
SInv    +            E - +0 pair of boots
Will    +....        (no amulet)
Stlth   +++          c - ring of poison resistance
HPRegen 0.34/turn    w - +5 ring of evasion
MPRegen 0.17/turn

%: no passive effects
@: no status effects
A: fangs 1, strong nose, distributed training
a: Renounce Religion, Berserk, Trog's Hand, Brothers in Arms


You were on level 11 of the Dungeon.
You worshipped Trog.
Trog was greatly pleased with you.
You visited 2 branches of the dungeon, and saw 12 of its levels.

You collected 778 gold pieces.
You spent 271 gold pieces at shops.

Inventory:

Hand Weapons
 C - the +4 long sword of Conflict {antimagic, +Blink rC+ Str+5 Dex-4}
   (You took it off an orc on level 5 of the Dungeon)

   Str+5:     It affects your strength (+5).
   Dex-4:     It affects your dexterity (-4).
   rC+:       It protects you from cold.
   +Blink:    It lets you blink.
 G - the +7 halberd of the Thing (weapon) {heavy, Will+ Str+3 SInv}
   (You found it on level 6 of the Dungeon)

   Str+3:     It affects your strength (+3).
   Will+:     It increases your willpower.
   SInv:      It lets you see invisible.
 S - the +7 staff of the Meek {protect, meekguard}
   (You found it on level 8 of the Dungeon)
 Y - the +4 war axe of Nightmares {heavy, Fly Dex+3}
   (You found it on level 10 of the Dungeon)

   Dex+3:     It affects your dexterity (+3).
   Fly:       It grants you flight.
Missiles
 e - 142 stones
 m - 10 poisoned darts (quivered)
 x - 6 curare-tipped darts
 Q - 6 darts of dispersal
 V - 4 silver javelins
 W - 2 throwing nets
Armour
 n - a +0 helmet (worn)
 o - a +0 pair of gloves (worn)
 A - a +2 robe of cold resistance
 D - a +2 cloak of preservation (worn)
 E - a +0 pair of boots (worn)
 Z - a +3 ring mail (worn)
Jewellery
 c - a ring of poison resistance (left hand)
 r - a ring of resist corrosion
 v - the ring of Salvation {rF+ rC+ Int+2 Stlth+}
   (You found it on level 10 of the Dungeon)

   [ring of protection from fire]

   Int+2:     It affects your intelligence (+2).
   rF+:       It protects you from fire.
   rC+:       It protects you from cold.
   Stlth+:    It makes you more stealthy.
 w - a +5 ring of evasion (right hand)
Wands
 a - a wand of paralysis (2)
 B - a wand of flame (36)
 K - a wand of mindburst (23)
 L - a wand of iceblast (25)
 P - a wand of quicksilver (7)
Scrolls
 d - 2 scrolls of poison {unknown}
 g - 3 scrolls of teleportation
 j - a scroll of enchant armour {unknown}
 k - 4 scrolls of revelation {unknown}
 l - a scroll of acquirement {unknown}
 p - 3 scrolls of silence
 q - 3 scrolls of identify {unknown}
 s - 2 scrolls of blinking
 t - 4 scrolls of fog
 y - 2 scrolls of noise {unknown}
 z - 2 scrolls of brand weapon {unknown}
 F - a scroll of amnesia {unknown}
 J - 2 scrolls of vulnerability {unknown}
 N - a scroll of fear {unknown}
 O - a scroll of immolation {unknown}
 U - a scroll of enchant weapon {unknown}
Potions
 b - 2 potions of brilliance {unknown}
 f - 2 potions of resistance
 h - 3 potions of curing {unknown}
 i - 2 potions of ambrosia {unknown}
 u - 4 potions of heal wounds
 H - a potion of attraction {unknown}
 M - 4 potions of haste {unknown}
 R - a potion of experience {unknown}
 T - a potion of enlightenment {unknown}
Miscellaneous
 I - a phial of floods


   Skills:
 + Level 9.6 Fighting
 + Level 6.9 Short Blades
 + Level 6.9 Long Blades
 + Level 8.3 Axes
 + Level 6.9 Maces & Flails
 + Level 6.9 Polearms
 + Level 6.9 Staves
 + Level 6.9 Ranged Weapons
 + Level 6.9 Throwing
 + Level 9.6 Armour
 + Level 6.9 Dodging
 + Level 6.9 Stealth
 + Level 9.6 Shields
 + Level 6.9 Unarmed Combat
 + Level 6.9 Spellcasting
 + Level 5.7 Conjurations
 + Level 5.7 Hexes
 + Level 5.7 Summonings
 + Level 5.7 Necromancy
 + Level 5.7 Translocations
 + Level 5.7 Transmutations
 + Level 5.7 Fire Magic
 + Level 5.7 Ice Magic
 + Level 5.7 Air Magic
 + Level 5.7 Earth Magic
 + Level 5.7 Poison Magic
 + Level 7.5 Invocations
 + Level 6.9 Evocations
 + Level 6.2 Shapeshifting


You had 23 spell levels left.
You didn't know any spells.
Your spell library was empty.

Dungeon Overview and Level Annotations

Branches:
Dungeon (11/15) Zot: 26428  Temple (1/1) D:5 Zot: 5979     Orc (0/2) D:10
   Lair: D:8-11

Altars:
Ashenzari
Cheibriados
Dithmenos
Elyvilon
Fedhas
Gozag
Hepliaklqana
Kikubaaqudgha
Makhleb
Nemelex Xobeh
Okawaru
Qazlal
Ru
Sif Muna
Trog
Uskayaw
Vehumet
Wu Jian
Xom
Yredelemnul
Zin
The Shining One

Shops:
D:2 :   D:4 =   D:5 [   D:10 ?

Annotations:
D:7 3 runed translucent doors, KarmaticGoose's ghost, novice DrNe; Supercorn's ghost, novice FeSh; dragonking145's ghost, novice GrFi; p00ps00p's ghost, novice HOFi; randomguy2701's ghost, novice DECj
D:10 exclusion: obsidian statue


Innate Abilities, Weirdness & Mutations

You have very sharp teeth.
Your uncanny sense of smell can sniff out nearby items.
Your experience applies equally to all skills.


Message History

The centaur is severely wounded.
The centaur closely misses you. The centaur misses you.
The centaur unwields a +0 shortbow.
The centaur hits you but does no damage.
The centaur kicks you but does no damage.
The centaur closely misses you. The centaur barely misses you.
The centaur misses you.
The centaur kicks you but does no damage.
The centaur hits you. The centaur barely misses you.
You slice the centaur!!
You kill the centaur!
Trog accepts your kill. The centaur closely misses you.
The centaur barely misses you. The centaur hits you. The centaur misses you.
You slice the centaur like a ripe choko!!!
You kill the centaur!
Trog accepts your kill.
No target in view!
No target in view!
A centaur warrior simulacrum comes into view.
A centaur warrior simulacrum is nearby!
A centaur warrior simulacrum is nearby!
You impale the centaur warrior simulacrum!!
The centaur warrior simulacrum is almost destroyed.
The centaur warrior simulacrum hits you but does no damage.
The centaur warrior simulacrum kicks you but does no damage.
The centaur warrior simulacrum hits you but does no damage.
The centaur warrior simulacrum misses you.
You completely miss the centaur warrior simulacrum.
The centaur warrior simulacrum is almost destroyed.
The centaur warrior simulacrum completely misses you.
The centaur warrior simulacrum closely misses you.
The centaur warrior simulacrum hits you!
The centaur warrior simulacrum freezes you!!
* * * LOW HITPOINT WARNING * * *
The centaur warrior simulacrum completely misses you.
The centaur warrior simulacrum hits you.
* * * LOW HITPOINT WARNING * * *
The centaur warrior simulacrum freezes you!!
You die...

##...# ####
#.# ##..###
#.. ##..##
##.
##..######
#### ##
##..## #..
.... # ##..##
#.####..#
#..##
###.#....
#..##
#...#)Z#
#...###.#.#@#
##..........#
#######....#
#..#.#
#.$#?.#
...#....
.##.####.. ..
#.. ... #.
... ##


You could see a centaur warrior simulacrum.

Vanquished Creatures
  A two-headed ogre (D:11)
  A manticore (D:11)
  A gargoyle (D:10)
  Psyche (D:8)
  A troll (D:10)
  A merfolk (D:9)
  A hornet (D:6)
  Grinder (D:5)
  3 wyverns
  Sigmund (D:4)
  A vampire (D:10)
  A shadow (D:9)
  A wraith (D:11)
  12 yaks
  3 steam dragons
  A vampire mosquito (D:9)
  Edmund (D:5)
  Duvessa (D:5)
  An acid dragon (D:10)
  2 water moccasins (D:7)
  2 black bears
  9 orc warriors
  3 sky beasts
  2 ice beasts
  3 ogres
  15 centaurs
  A kobold brigand (D:9)
  6 bullfrogs
  2 gnoll sergeants
  2 scorpions
  Dowan (D:5)
  16 killer bees
  An electric eel (D:11)
  7 howler monkeys
  3 hounds
  3 jellies (D:6)
  13 orc priests
  2 sleepcaps
  2 gnoll boudas
  4 iguanas
  10 orc wizards
  Robin (D:3)
  5 adders
  35 gnolls
  A shadow imp (D:6)
  3 white imps
  5 ufetubi (D:6)
  2 dart slugs
  76 orcs
  4 ball pythons
  4 bats
  An endoplasm (D:1)
  3 giant cockroaches
  11 goblins
  6 hobgoblins
  6 jackals
  4 quokkas
  2 frilled lizards
  7 kobolds
  5 rats
324 creatures vanquished.

Vanquished Creatures (others)
  An orc wizard (D:9)
1 creature vanquished.

Grand Total: 325 creatures vanquished

Notes
Turn   | Place    | Note
-------+----------+-------------------------------------------
     0 | D:1      | lessens the Gnoll Fighter began the quest for the Orb.
     0 | D:1      | Reached XP level 1. HP: 23/23 MP: 1/1
   193 | D:1      | Reached XP level 2. HP: 29/29 MP: 2/2
   573 | D:1      | Reached XP level 3. HP: 33/35 MP: 3/3
  1080 | D:2      | Found Plog's Book Emporium.
  1135 | D:2      | Noticed a black bear
  1143 | D:2      | Killed a black bear
  1144 | D:2      | Reached skill level 1 in Short Blades
  1144 | D:2      | Reached skill level 1 in Long Blades
  1144 | D:2      | Reached skill level 1 in Maces & Flails
  1144 | D:2      | Reached skill level 1 in Polearms
  1144 | D:2      | Reached skill level 1 in Staves
  1144 | D:2      | Reached skill level 1 in Ranged Weapons
  1144 | D:2      | Reached skill level 1 in Throwing
  1144 | D:2      | Reached skill level 1 in Dodging
  1144 | D:2      | Reached skill level 1 in Stealth
  1144 | D:2      | Reached skill level 1 in Unarmed Combat
  1144 | D:2      | Reached skill level 1 in Spellcasting
  1144 | D:2      | Reached skill level 1 in Conjurations
  1144 | D:2      | Reached skill level 1 in Hexes
  1144 | D:2      | Reached skill level 1 in Summonings
  1144 | D:2      | Reached skill level 1 in Necromancy
  1144 | D:2      | Reached skill level 1 in Translocations
  1144 | D:2      | Reached skill level 1 in Transmutations
  1144 | D:2      | Reached skill level 1 in Fire Magic
  1144 | D:2      | Reached skill level 1 in Ice Magic
  1144 | D:2      | Reached skill level 1 in Air Magic
  1144 | D:2      | Reached skill level 1 in Earth Magic
  1144 | D:2      | Reached skill level 1 in Poison Magic
  1144 | D:2      | Reached skill level 1 in Invocations
  1144 | D:2      | Reached skill level 1 in Evocations
  1144 | D:2      | Reached skill level 1 in Shapeshifting
  1144 | D:2      | Reached XP level 4. HP: 38/41 MP: 3/6
  1144 | D:2      | Reached XP level 5. HP: 44/47 MP: 3/7
  1302 | D:2      | Found a faded altar of an unknown god.
  2181 | D:3      | Reached XP level 6. HP: 53/53 MP: 8/8
  2184 | D:3      | Found a hazy altar of Hepliaklqana.
  2412 | D:3      | Noticed Robin
  2417 | D:3      | Killed Robin
  2741 | D:3      | Reached skill level 5 in Axes
  2963 | D:4      | Found Fahe's Jewellery Shoppe.
  3148 | D:4      | Noticed a steam dragon
  3163 | D:4      | Reached XP level 7. HP: 31/59 MP: 10/10
  3171 | D:4      | Killed a steam dragon
  4381 | D:5      | Entered Level 5 of the Dungeon
  4630 | D:5      | Reached XP level 8. HP: 67/67 MP: 12/12
  4691 | D:5      | HP: 2/67 [orc priest/nerve-wracking pain (12)]
  4905 | D:5      | Noticed Grinder
  5381 | D:5      | Noticed Sigmund
  5384 | D:5      | Noticed Dowan
  5488 | D:4      | Killed Sigmund
  5542 | D:5      | Paralysed by Grinder for 2 turns
  5558 | D:5      | Killed Grinder
  5660 | D:5      | Noticed Duvessa
  5672 | D:5      | Killed Duvessa
  5678 | D:5      | Killed Dowan
  5769 | D:5      | Identified the +4 long sword of Conflict {antimagic, +Blink
                  | rC+ Str+5 Dex-4}
  5778 | D:5      | Noticed Edmund
  5796 | D:5      | Killed Edmund
  5797 | D:5      | Reached XP level 9. HP: 61/73 MP: 4/14
  5986 | D:5      | Found a staircase to the Ecumenical Temple.
  5996 | Temple   | Entered the Ecumenical Temple
  6006 | Temple   | Became a worshipper of Trog the Wrathful
  6218 | D:5      | Found Booplu Kugar's Antique Armour Shop.
  6219 | D:5      | Found a hide-covered altar of Uskayaw.
  6220 | D:5      | Found a burning altar of Makhleb.
  6220 | D:5      | Found a radiant altar of Vehumet.
  6221 | D:5      | Found a glowing silver altar of Zin.
  6226 | D:5      | Bought an embroidered cloak for 180 gold pieces
  6581 | D:6      | Found a snail-covered altar of Cheibriados.
  7532 | D:6      | Identified the +7 halberd of the Thing {heavy, Will+ Str+3
                  | SInv}
  7890 | D:6      | Reached skill level 5 in Invocations
  7949 | D:6      | Noticed a hornet
  7952 | D:6      | Killed a hornet
  8346 | D:6      | Reached XP level 10. HP: 71/80 MP: 17/17
  8352 | D:6      | Reached skill level 5 in Short Blades
  8352 | D:6      | Reached skill level 5 in Long Blades
  8352 | D:6      | Reached skill level 5 in Maces & Flails
  8352 | D:6      | Reached skill level 5 in Polearms
  8352 | D:6      | Reached skill level 5 in Staves
  8352 | D:6      | Reached skill level 5 in Ranged Weapons
  8352 | D:6      | Reached skill level 5 in Throwing
  8352 | D:6      | Reached skill level 5 in Dodging
  8352 | D:6      | Reached skill level 5 in Stealth
  8352 | D:6      | Reached skill level 5 in Unarmed Combat
  8352 | D:6      | Reached skill level 5 in Spellcasting
  8352 | D:6      | Reached skill level 5 in Evocations
  8428 | D:7      | Reached * piety under Trog
  8781 | D:7      | Found a runed translucent gate.
  9295 | D:7      | Found a runed translucent gate.
  9296 | D:7      | Found a runed translucent gate.
  9296 | D:7      | Noticed Supercorn's ghost (novice FeSh)
  9296 | D:7      | Noticed dragonking145's ghost (novice GrFi)
  9299 | D:7      | Noticed p00ps00p's ghost (novice HOFi)
  9299 | D:7      | Noticed randomguy2701's ghost (novice DECj)
  9300 | D:7      | Noticed KarmaticGoose's ghost (novice DrNe)
  9546 | D:8      | Reached skill level 5 in Shapeshifting
  9674 | D:8      | Reached ** piety under Trog
  9963 | D:8      | Noticed Psyche
  9974 | D:8      | Killed Psyche
 10095 | D:8      | Reached XP level 11. HP: 76/87 MP: 19/19
 10218 | D:8      | Found the +7 staff of the Meek {protect, meekguard}
 10544 | D:9      | Reached skill level 5 in Conjurations
 10544 | D:9      | Reached skill level 5 in Hexes
 10544 | D:9      | Reached skill level 5 in Summonings
 10544 | D:9      | Reached skill level 5 in Necromancy
 10544 | D:9      | Reached skill level 5 in Translocations
 10544 | D:9      | Reached skill level 5 in Transmutations
 10544 | D:9      | Reached skill level 5 in Fire Magic
 10544 | D:9      | Reached skill level 5 in Ice Magic
 10544 | D:9      | Reached skill level 5 in Air Magic
 10544 | D:9      | Reached skill level 5 in Earth Magic
 10544 | D:9      | Reached skill level 5 in Poison Magic
 11373 | D:9      | Reached *** piety under Trog
 11840 | D:9      | Identified the +6 sling "Foitraas" {heavy, +Blink rPois}
 11851 | D:9      | Found a sacrificial altar of Ru.
 12068 | D:10     | Entered Level 10 of the Dungeon
 12198 | D:10     | Identified the +4 war axe of Nightmares {heavy, Fly Dex+3}
 12213 | D:10     | Reached **** piety under Trog
 12254 | D:10     | Found a staircase to the Orcish Mines.
 12447 | D:10     | Found Udwen's Magic Scroll Shop.
 12455 | D:10     | Bought a scroll of fog for 52 gold pieces
 12455 | D:10     | Bought a scroll of teleportation for 39 gold pieces
 12641 | D:10     | Noticed an obsidian statue
 12644 | D:10     | Identified the +1 dagger of Tenacity {speed, Int+5 Dex-2}
 12648 | D:10     | Identified the ring of Salvation {rF+ rC+ Int+2 Stlth+}
 12952 | D:10     | Noticed a sixfirhy
 13452 | D:11     | Noticed a manticore
 13459 | D:11     | Killed a manticore
 13766 | D:11     | Noticed a two-headed ogre
 13774 | D:11     | Killed a two-headed ogre
 13783 | D:11     | Demolished by a centaur warrior simulacrum

Illustrated notes

Levels and vault maps discovered:
D:1:      mrwooster_arrival_statue_2, layout_basic, minmay_door_square
D:2:      layout_loops_ring, serial_shops, shop_statue,
          nicolae_ecumenical_lake_church
D:3:      layout_loops_ring, amcnicky_altar_gilded, uniq_robin
D:4:      layout_basic, minmay_shop_enchanted_jewellery
D:5:      layout_basic, chequers_temple_overflow_statue_of_worship,
          minmay_temple_entry_glassed_door, serial_shops, shop,
          minmay_hedge_maze, minmay_misc_feat_x, uniq_edmund, uniq_duvessa,
          uniq_grinder, uniq_sigmund
D:6:      layout_layer_cave, mainiacjoe_overflow_brackets,
          kennysheep_generic_room_16
D:7:      layout_loops_ring, gammafunk_ghost_cemetery, grunt_decor_clamped,
          kennysheep_cross_room, serial_bayou_pond_d
D:8:      layout_cave_pools, columned_hall_lemuel, pf_guarded_unrand_meek,
          uniq_psyche
D:9:      minmay_s_stair_smasher, layout_long_grid, roadster_trireme
D:10:     layout_roguey, david_orc_2, serial_shops, shop, special_room
          [special_room_orc], minmay_protected_statue
D:11:     layout_layer_cave, lair_entry_dummy, minivault_20, nooodl_orcs_dogs
Temple:   eino_temple_scatter_basement

Skill      XL: |  1  2  3  4  5  6  7  8  9 10 11 |
---------------+----------------------------------+-----
Short Blades   | 1 2 3 4 5 6 |  6.9
Long Blades    | 1 2 3 4 5 6 |  6.9
Maces & Flails | 1 2 3 4 5 6 |  6.9
Polearms       | 1 2 3 4 5 6 |  6.9
Staves         | 1 2 3 4 5 6 |  6.9
Ranged Weapons | 1 2 3 4 5 6 |  6.9
Throwing       | 1 2 3 4 5 6 |  6.9
Dodging        | 1 2 3 4 5 6 |  6.9
Stealth        | 1 2 3 4 5 6 |  6.9
Unarmed Combat | 1 2 3 4 5 6 |  6.9
Spellcasting   | 1 2 3 4 5 6 |  6.9
Conjurations   | 1 2 3 4 5 |  5.7
Hexes          | 1 2 3 4 5 |  5.7
Summonings     | 1 2 3 4 5 |  5.7
Necromancy     | 1 2 3 4 5 |  5.7
Translocations | 1 2 3 4 5 |  5.7
Transmutations | 1 2 3 4 5 |  5.7
Fire Magic     | 1 2 3 4 5 |  5.7
Ice Magic      | 1 2 3 4 5 |  5.7
Air Magic      | 1 2 3 4 5 |  5.7
Earth Magic    | 1 2 3 4 5 |  5.7
Poison Magic   | 1 2 3 4 5 |  5.7
Invocations    | 1 2 3 4 5 6 7 |  7.5
Evocations     | 1 2 3 4 5 6 |  6.9
Shapeshifting  | 1 2 3 4 5 6 |  6.2
Axes           | 5 6 7 8 |  8.3
Fighting       | 7 8 9 |  9.6
Armour         | 7 8 9 |  9.6
Shields        | 7 8 9 |  9.6

Action                     |  1- 3 |  4- 6 |  7- 9 | 10-12 || total
---------------------------+-------+-------+-------+-------++-------
  Melee: War axe           |    74 |   144 |   239 |       ||   457
         Bite              |     4 |     7 |    51 |    22 ||    84
         Long sword        |       |       |   176 |       ||   176
         Halberd           |       |       |    33 |   359 ||   392
  Throw: Dart              |     4 |       |     3 |       ||     7
    Use: Potion            |     1 |     1 |       |     1 ||     3
         Scroll            |       |       |     1 |     3 ||     4
   Stab: Sleeping          |       |       |     3 |    11 ||    14
         Distracted        |       |       |       |     2 ||     2
 Armour: Scale mail        |    46 |   125 |     9 |       ||   180
         Steam dragon scal |       |       |   257 |   230 ||   487
         Ring mail         |       |       |       |    79 ||    79
  Dodge: Dodged            |    32 |    78 |   513 |   673 ||  1296
  Block: Buckler           |    24 |    42 |   126 |       ||   192

Table legend: (Time is in decaauts)
 A = Elapsed time spent in this place.
 B = Non-inter-level travel time spent in this place.
 C = Inter-level travel time spent in this place.
 D = Time resting spent in this place.
 E = Time spent auto-exploring this place.
 F = Levels seen in this place.
 G = Mean time per level.
                   A        B        C        D        E       F      G
               +--------+--------+--------+--------+--------+-----+--------+
         Total |  14267 |  13647 |    620 |   1362 |   9528 |  12 | 1188.9 |
       Dungeon |  14247 |  13637 |    610 |   1362 |   9528 |  11 | 1295.2 |
        Temple |     20 |     10 |     10 |      0 |      0 |   1 |   20.0 |
               +--------+--------+--------+--------+--------+-----+--------+

Top non-repeatable levels by time:
     D:6: 2117 daAuts
     D:5: 1658 daAuts
     D:9: 1630 daAuts
     D:4: 1530 daAuts
     D:3: 1267 daAuts
     D:7: 1248 daAuts
    D:10: 1222 daAuts
     D:1: 1100 daAuts
     D:8: 1067 daAuts
     D:2: 833 daAuts
    D:11: 569 daAuts
  Temple: 20 daAuts

Levels and vault maps discovered:
D:1:      mrwooster_arrival_statue_2, layout_basic, minmay_door_square
D:2:      layout_loops_ring, serial_shops, shop_statue,
          nicolae_ecumenical_lake_church
D:3:      layout_loops_ring, amcnicky_altar_gilded, uniq_robin
D:4:      layout_basic, minmay_shop_enchanted_jewellery
D:5:      layout_basic, chequers_temple_overflow_statue_of_worship,
          minmay_temple_entry_glassed_door, serial_shops, shop,
          minmay_hedge_maze, minmay_misc_feat_x, uniq_edmund, uniq_duvessa,
          uniq_grinder, uniq_sigmund
D:6:      layout_layer_cave, mainiacjoe_overflow_brackets,
          kennysheep_generic_room_16
D:7:      layout_loops_ring, gammafunk_ghost_cemetery, grunt_decor_clamped,
          kennysheep_cross_room, serial_bayou_pond_d
D:8:      layout_cave_pools, columned_hall_lemuel, pf_guarded_unrand_meek,
          uniq_psyche
D:9:      minmay_s_stair_smasher, layout_long_grid, roadster_trireme
D:10:     layout_roguey, david_orc_2, serial_shops, shop, special_room
          [special_room_orc], minmay_protected_statue
D:11:     layout_layer_cave, lair_entry_dummy, minivault_20, nooodl_orcs_dogs
Temple:   eino_temple_scatter_basement
